 Dungeon Crawl Stone Soup version 0.24-a0-258-gb86c0f735e (webtiles) character file.

Game seed: 8134200644736035049

428 Redear the Skirmisher (level 6, -4/49 HPs)
             Began as a Mummy Gladiator on Apr 19, 2019.
             Slain by a centaur (8 damage)
             ... on level 5 of the Dungeon.
             The game lasted 00:04:43 (3497 turns).

Redear the Skirmisher (Mummy Gladiator)             Turns: 3497, Time: 00:04:43

Health: -4/49      AC:  5    Str: 17    XL:     6   Next: 65%
Magic:  6/6        EV: 13    Int:  9    God:
Gold:   214        SH:  0    Dex: 14    Spells: 5/5 levels left

rFire    x . .     SeeInvis .   l - +1 whip (elec)
rCold    + . .     Gourm    .   (no shield)
rNeg     + + +     Faith    .   b - +0 leather armour
rPois    ∞         Spirit   .   g - +2 hat
rElec    .         Reflect  .   (no cloak)
rCorr    .         Harm     .   (no gloves)
MR       .....                  (no boots)
Stlth    +.........             (no amulet)
HPRegen  0.16/turn              e - ring of flight {+Fly}
MPRegen  0.10/turn              (no ring)

@: no status effects
A: no food or potions, fire vulnerability, cold resistance 1, negative energy
resistance 3, torment resistance, unbreathing
a: Evoke Flight


You were on level 5 of the Dungeon.
You were not hungry.

You visited 1 branch of the dungeon, and saw 5 of its levels.

You collected 214 gold pieces.

Inventory:

Hand Weapons
 a - a +0 flail
 k - a +0 whip
 l - a +1 whip of electrocution (weapon)
 m - a cursed +0 hunting sling
Missiles
 j - 4 javelins
 Z - 3 throwing nets (quivered) {+f}
Armour
 b - a +0 leather armour (worn)
 c - a +0 helmet
 g - a +2 hat (worn)
Jewellery
 e - a ring of flight (left hand) {+Fly}
 n - a +3 amulet of reflection {unknown}
Scrolls
 d - 8 scrolls of identify {unknown}
 f - a scroll of fog {unknown}
 h - 2 scrolls of amnesia {unknown}
 i - 4 scrolls of remove curse {unknown}
 o - a scroll of immolation {unknown}


   Skills:
 + Level 4.3 Fighting
 + Level 4.0 Maces & Flails
 - Level 1.9 Throwing
 + Level 4.0 Dodging


You had 5 spell levels left.
You didn't know any spells.
Your spell library contained the following spells:

 Spells                   Type           Power        Failure   Level  Hunger
 Animate Skeleton         Necr           N/A          45%         1    N/A
 Apportation              Tloc           #.....       45%         1    N/A
 Confusing Touch          Hex            #.....       45%         1    N/A
 Summon Small Mammal      Summ           #...         45%         1    N/A

Dungeon Overview and Level Annotations

Branches:
Dungeon (5/15)
 Temple: D:4-7

Altars:
Nemelex Xobeh
Sif Muna


Innate Abilities, Weirdness & Mutations

You do not eat or drink.
Your flesh is vulnerable to fire.
You are immune to poison.
Your flesh is cold resistant. (rC+)
You are immune to negative energy. (rN+++)
You are immune to unholy pain and torment.
You can survive without breathing.


Message History

The shadow imp is moderately wounded.
The shadow imp closely misses you.
You barely miss the shadow imp.
The shadow imp is moderately wounded.
The shadow imp completely misses you.
You hit the shadow imp.
The shadow imp is severely wounded.
The shadow imp hits you.
You take 1 damage, and have 26/49 hp.
You hit the shadow imp.
You kill the shadow imp!
The centaur wields a +0 shortbow.
The centaur shoots an arrow.
The arrow hits you!
The centaur shoots an arrow.
The arrow hits you!
* * * LOW HITPOINT WARNING * * *
You take 22 damage, and have 4/49 hp.
MASSIVE DAMAGE!!
The centaur unwields a +0 shortbow.
The centaur misses you.
You hit the centaur.
The centaur is lightly wounded.
The centaur hits you!
You die...

..........#........).....
....#.).....)....!......
......)....##....$.....
....#.)..##...........
#....#.....##........
####.##...###.......# ...
#..##..## #.......# ....
##...#..# ######..#.....
#......###..(@c........
##......#....#...#.....
##.#....#..#(.(.# ..#.
###...#####.##....##
##### ### .....# #.....
#.... ##.. ..


You could see a centaur.

Vanquished Creatures
  A big kobold (D:5)
  A scorpion (D:5)
  A howler monkey (D:4)
  An orc priest (D:4)
  A centaur skeleton (D:4)
  2 worker ants (D:4)
  4 gnolls
  6 adders
  A shadow imp (D:5)
  An ooze (D:1)
  An adder skeleton (D:4)
  2 worms
  A dart slug (D:1)
  7 orcs (D:4)
  2 ball pythons
  A giant cockroach (D:2)
  3 goblins
  6 hobgoblins
  3 bats
  4 frilled lizards
  6 kobolds
  9 rats
64 creatures vanquished.

Notes
Turn   | Place    | Note
-------+----------+-------------------------------------------
     0 | D:1      | Redear the Mummy Gladiator began the quest for the Orb.
     0 | D:1      | Reached XP level 1. HP: 16/16 MP: 1/1
   104 | D:1      | Reached XP level 2. HP: 22/22 MP: 2/2
  1058 | D:2      | Reached XP level 3. HP: 27/28 MP: 3/3
  1849 | D:2      | Reached skill level 3 in Maces & Flails
  1849 | D:2      | Reached skill level 3 in Dodging
  2103 | D:3      | Reached XP level 4. HP: 33/34 MP: 4/4
  2375 | D:3      | Reached skill level 3 in Fighting
  2629 | D:3      | Found a sparkling altar of Nemelex Xobeh.
  2635 | D:3      | Found a deep blue altar of Sif Muna.
  2717 | D:4      | Reached XP level 5. HP: 41/41 MP: 5/5
  2852 | D:4      | Noticed an ogre
  3123 | D:4      | Reached XP level 6. HP: 47/48 MP: 6/6
  3429 | D:5      | Entered Level 5 of the Dungeon
  3442 | D:5      | Reached skill level 4 in Fighting
  3488 | D:5      | Reached skill level 4 in Maces & Flails
  3488 | D:5      | Reached skill level 4 in Dodging
  3495 | D:5      | HP: 4/49 [centaur/arrow (11)]
  3497 | D:5      | Slain by a centaur

Levels and vault maps discovered:
D:1:      minmay_arrival_wavy_path, layout_basic, serial_bayou_pond_e
D:2:      layout_basic, first_ration, serial_co_window_serial,
          co_window_corner_a, co_window_corner_a, co_window_corner_a,
          co_window_paths_a, co_window_corner_a, co_window_of_opportunity_b,
          co_window_unsneaky_path_e, co_window_unsneaky_path_c,
          co_window_broadway_b, co_window_4corner_a, minmay_misc_feat_encased
D:3:      layout_rooms, amethyst_overflow_temple_binary
D:4:      layout_basic, minmay_misc_feat_pillars
D:5:      layout_cave_pools, bloody_makhleb, minmay_temple_entry_junction_2,
          serial_shops, nicolae_shop_trees, minmay_misc_feat_plants,
          uniq_crazy_yiuf_cottage

Skill      XL: |  1  2  3  4  5  6 |
---------------+-------------------+-----
Maces & Flails | 3 4 |  4.0
Dodging        | 3 4 |  4.0
Fighting       | 3 4 |  4.3
Throwing       | |  1.9

Action                   |  1- 3 |  4- 6 || total
-------------------------+-------+-------++-------
Melee: Flail             |    87 |       ||    87
       Whip              |    14 |   132 ||   146
 Stab: Sleeping          |       |     1 ||     1
Armor: Leather armour    |    29 |    25 ||    54
Dodge: Dodged            |    64 |    96 ||   160

Table legend:
 A = Non-vault XP
 B = Vault XP
 C = Vault XP percentage of total XP
 D = Non-vault monster count
 E = Vault monster count
 F = Vault count percentage of total count
                 A         B        C        D         E       F
            +---------+---------+-------+---------+---------+-------
      Total |     612 |       0 |   0.0 |      64 |       0 |   0.0
            +---------+---------+-------+---------+---------+-------
        D:1 |      31 |       0 |   0.0 |      15 |       0 |   0.0
        D:2 |      61 |       0 |   0.0 |      15 |       0 |   0.0
        D:3 |      83 |       0 |   0.0 |      14 |       0 |   0.0
        D:4 |     254 |       0 |   0.0 |      15 |       0 |   0.0
        D:5 |     183 |       0 |   0.0 |       5 |       0 |   0.0
            +---------+---------+-------+---------+---------+-------
